 Dungeon Crawl Stone Soup version 0.30-a0-50-gb2d611f6b1 (webtiles) character file.

Game seed: 2896455450139712456

208660 Varenkail the Imperceptible (level 18, -1/107 HPs)
             Began as a Spriggan Enchanter on Sept 4, 2022.
             Was the Champion of Dithmenos.
             Slain by a broodmother (18 damage)
             ... on level 4 of the Spider Nest.
             The game lasted 02:08:51 (43032 turns).

Varenkail the Imperceptible (Spriggan Enchanter)   Turns: 43032, Time: 02:08:52

Health: -1/107     AC:  5    Str: 10    XL:     18   Next: 51%
Magic:  45/50      EV: 31    Int: 16    God:    Dithmenos [******]
Gold:   1796       SH:  0    Dex: 16    Spells: 32/54 levels left

rFire   + . .      SeeInvis +    D - +5 dagger (venom)
rCold   . . .      Faith    .    (no shield)
rNeg    . . .      Spirit   .    i - +2 robe {rF+}
rPois   .          Reflect  .    L - +2 hat {Will+}
rElec   .          Harm     .    F - +2 cloak {rCorr}
rCorr   +          Rampage  .    (gloves unavailable)
Will    +++++                    (boots unavailable) Stlth *****+++++
                                 U - amulet "Cuudiruo" {Acrobat Will++ Regen+ MP+9 Int-2}
HPRegen 2.67/turn                g - +4 ring of evasion
MPRegen 0.32/turn                v - +4 ring of protection

@: corroded, wreathed by umbra, studying Unarmed Combat, invisible, very quick
A: very small, no large weapons, unfitting armour, see invisible, speed 3,
regeneration 2, robust 1
a: Renounce Religion, Shadow Step, Shadow Form


You were on level 4 of the Spider Nest.
You worshipped Dithmenos.
Dithmenos was exalted by your worship.
You visited 8 branches of the dungeon, and saw 33 of its levels.
You visited 1 bazaar.
You also visited: Sewer, Bailey and Ice Cave.

You collected 3660 gold pieces.
You spent 1864 gold pieces at shops.

Inventory:

Hand Weapons
 D - a +5 dagger of venom (weapon)
 T - a +2 dagger of draining
Missiles
 q - 12 datura-tipped darts
 s - 17 curare-tipped darts (quivered)
 Q - a throwing net
Armour
 i - a +2 robe of fire resistance (worn)
 F - a +2 cloak of preservation (worn)
 L - a +2 hat of willpower (worn)
Jewellery
 a - the ring of Tuafoos {rF+ Dex+4}
   (You took it off a deep elf annihilator on level 3 of the Elven Halls)

   [ring of protection from fire]

   Dex:       It affects your dexterity (+4).
   rF:        It protects you from fire.
 g - a +4 ring of evasion (left hand)
 v - a +4 ring of protection (right hand)
 K - a ring of wizardry
 U - the amulet "Cuudiruo" (around neck) {Acrobat Will++ Regen+ MP+9 Int-2}
   (You bought it in a shop on level 1 of the Depths)

   [amulet of the acrobat]

   It increases your evasion while moving and waiting.
   Int:       It affects your intelligence (-2).
   MP:        It affects your magic capacity (+9).
   Regen:     It increases your rate of health regeneration.
   Will:      It greatly increases your willpower.
Wands
 j - a wand of paralysis (11)
 l - a wand of quicksilver (7)
 r - a wand of digging (2)
 B - a wand of mindburst (8)
 C - a wand of iceblast (18)
 O - a wand of flame (10)
Scrolls
 n - 4 scrolls of amnesia
 o - 3 scrolls of magic mapping
 t - 2 scrolls of teleportation
 u - a scroll of vulnerability
 w - 4 scrolls of fear
 x - 2 scrolls of butterflies
 y - 19 scrolls of identify
 V - 3 scrolls of enchant armour
Potions
 c - a potion of invisibility
 d - 4 potions of brilliance
 f - 4 potions of cancellation
 k - 2 potions of magic
 m - 12 potions of curing
 p - 10 potions of lignification
 I - 3 potions of haste
 J - a potion of ambrosia
 N - 3 potions of resistance
 R - a potion of flight
 W - 2 potions of mutation
Miscellaneous
 b - a phantom mirror
 e - a phial of floods
 h - a condenser vane


   Skills:
 + Level 12.4 Fighting
 - Level 12.0 Short Blades
 - Level 15.0 Dodging
 + Level 23.5 Stealth
 + Level 18.9 Spellcasting
 + Level 19.1 Hexes
 + Level 2.2 Necromancy


You had 32 spell levels left.
You knew the following spells:

 Your Spells              Type           Power      Damage    Failure   Level
a - Ensorcelled Hibernat  Hex/Ice        90%        N/A       1%          2
b - Tukima's Dance        Hex            66%        N/A       0%          3
c - Dazzling Flash        Conj/Hex       90%        N/A       1%          3
d - Confusing Touch       Hex            66%        N/A       0%          3
e - Blink                 Tloc           30%        N/A       5%          2
f - Summon Mana Viper     Hex/Summ       45%        N/A       1%          5
g - Dispel Undead         Necr           22%        3d12      14%         4

Your spell library contained the following spells:

 Spells                   Type           Power      Damage    Failure   Level
 Slow                     Hex            100%       N/A       0%          1
 Necrotise                Necr           88%        1d8       1%          1
 Summon Guardian Golem    Hex/Summ       45%        N/A       1%          3
 Fulminant Prism          Conj/Hex       22%        3d13      1%          4
 Silence                  Hex/Air        22%        N/A       1%          5
 Apportation              Tloc           30%        N/A       3%          1
 Freeze                   Ice            60%        1d8       3%          1
 Magic Dart               Conj           60%        1d6       3%          1
 Shock                    Conj/Air       60%        1d6       3%          1
 Summon Small Mammal      Summ           60%        N/A       3%          1
 Vampiric Draining        Necr           22%        2d7       4%          3
 Searing Ray              Conj           30%        2d5       5%          2
 Static Discharge         Conj/Air       30%        3-5/arc   5%          2
 Call Canine Familiar     Summ           15%        N/A       11%         3
 Frozen Ramparts          Ice            30%        1d5       11%         3
 Gell's Gravitas          Tloc           15%        N/A       11%         3
 Ignite Poison            Fire/Tmut/Pois 15%        N/A       11%         3
 Lesser Beckoning         Tloc           15%        N/A       11%         3
 Mephitic Cloud           Conj/Pois/Air  15%        N/A       11%         3
 Swiftness                Air            15%        N/A       11%         3
 Teleport Other           Tloc           15%        N/A       11%         3
 Corpse Rot               Necr/Pois/Air  17%        N/A       26%         4
 Airstrike                Air            7%         2d(2-18)  36%         4
 Animate Armour           Summ/Erth      30%        N/A       36%         4
 Hailstorm                Conj/Ice       15%        3d5       36%         4
 Iskenderun's Mystic Bla  Conj/Tloc      15%        2d5       36%         4
 Summon Ice Beast         Ice/Summ       15%        N/A       36%         4
 Summon Lightning Spire   Summ/Air       15%        N/A       36%         4
 Agony                    Necr           22%        N/A       38%         5
 Alistair's Intoxication  Tmut/Pois      10%        N/A       71%         5
 Blade Hands              Tmut           7%         N/A       71%         5
 Fireball                 Conj/Fire      7%         3d5       71%         5
 Freezing Cloud           Conj/Ice/Air   7%         6-21      71%         5
 Irradiate                Conj/Tmut      7%         3d14      71%         5
 Iskenderun's Battlesphe  Conj           15%        2d7       71%         5
 Lee's Rapid Deconstruct  Erth           7%         3d8*      71%         5
 Lightning Bolt           Conj/Air       7%         1d20      71%         5
 Manifold Assault         Tloc           15%        N/A       71%         5
 Death Channel            Necr           11%        N/A       92%         6
 Conjure Ball Lightning   Conj/Air       7%         3x3d6     99%         6
 Dispersal                Tloc           7%         N/A       99%         6
 Iron Shot                Conj/Erth      7%         9d2       99%         6
 Starburst                Conj/Fire      7%         6d4       99%         6
 Dragon Form              Tmut           7%         N/A       100%        7
 Haunt                    Necr/Summ      9%         N/A       100%        7
 Monstrous Menagerie      Summ           7%         N/A       100%        7
 Orb of Destruction       Conj           7%         9d6       100%        7
 Storm Form               Tmut/Air       7%         N/A       100%        7
 Maxwell's Capacitive Co  Air            7%         ∞         100%        8
 Necromutation            Tmut/Necr      9%         N/A       100%        8


Dungeon Overview and Level Annotations

Branches:
Dungeon (15/15)            Temple (1/1) D:4            Lair (5/5) D:8
  Swamp (2/4) Lair:2       Spider (4/4) Lair:3        Slime (0/5) Lair:5
    Orc (2/2) D:10            Elf (3/3) Orc:2        Vaults (0/5) D:14
 Depths (1/4) D:15          Sewer (visited)          Bailey (visited)
  IceCv (visited)

Altars:
Ashenzari
Dithmenos
Elyvilon
Fedhas
Hepliaklqana
Kikubaaqudgha
Makhleb
Nemelex Xobeh
Okawaru
Qazlal
Ru
Sif Muna
Trog
Vehumet
Wu Jian
Xom
Zin
The Shining One
Jiyva
Lugonu

Shops:
D:6 (   Orc:2 =?[[   Depths:1 =[((

Portals:
Abyss: Lair:3
Pandemonium: Depths:1
Trove: D:15 (give 8 scrolls of fear)

Annotations:
D:11 1 exclusion
Swamp:1 Roxanne
Elf:2 3 runed translucent doors
Elf:3 exclusion: door
Depths:1 exclusion: obsidian statue


Innate Abilities, Weirdness & Mutations

You are very small and have problems with some larger weapons.
You are too small for most types of armour.
You have supernaturally acute eyesight. (SInv)
You cover ground extremely quickly. (Speed+++)
You heal very quickly.
You are robust. (+10% HP)


Message History

The emperor scorpion completely misses you.
Unknown command.
You feel very sick. The tarantella touches you!
* * * LOW HITPOINT WARNING * * *
You are confused.
The orb spider completely misses you. The broodmother completely misses you.
Unknown command.
You are caught in the web!
You feel sick.
There is a web here.
You feel better.
The emperor scorpion barely misses you. x2
The emperor scorpion misses you. The redback misses you.
The emperor scorpion barely misses you.
The emperor scorpion claws you but does no damage.
The emperor scorpion barely misses you.
The orb spider's many legs skitter faintly.
Unknown command.
Unknown command.
You struggle to detach yourself from the web.
The redback misses you. The broodmother closely misses you.
The emperor scorpion stings you!!
* * * LOW HITPOINT WARNING * * *
You emit a cloud of dark smoke.
You are lethally poisoned!
The emperor scorpion poisons you! The emperor scorpion claws you!
* * * LOW HITPOINT WARNING * * *
The emperor scorpion misses you.
You feel better.
You struggle to detach yourself from the web.
The broodmother bites you.
* * * LOW HITPOINT WARNING * * *
The emperor scorpion misses you. The emperor scorpion barely misses you.
The emperor scorpion claws you.
* * * LOW HITPOINT WARNING * * *
The redback barely misses you.
Okay, then.
Unknown command.
You disentangle yourself.
The redback completely misses you. The broodmother bites you!!
You die...

#^.†....#.#.....##
###....)........^.
#..............##
#..............^#
##^....##'##....#
#...###...###.^.
#...#.......# .
#~.##.s§§...##
##.#^ss@§....#
###§§ss#^...#
#§§§###...+
#!.§§#^...#
#[........#
##!......##
#!φ.....#
###[!!### ####


You could see a broodmother (unable to see you, extremely poisoned), an emperor
scorpion (unable to see you), an orb spider (summoned, wandering, unable to see
you), a tarantella (summoned, unable to see you) and a redback (summoned, unable
to see you).

Vanquished Creatures
  Saint Roka (Orc:2)
  Nikola (Swamp:2)
  Arachne (Spider:3)
  Rupert (D:15)
  3 deep elf blademasters (Elf:3)
  Frances (Spider:1)
  2 deep elf master archers (Elf:3)
  3 emperor scorpions
  5 deep elf sorcerers
  An orc warlord (D:10)
  A ghost moth (Spider:3)
  Louise (Swamp:1)
  A deep elf elementalist (Elf:3)
  5 broodmothers (Spider:4)
  3 stone giants (Depths:1)
  5 deep elf demonologists (Elf:3)
  4 deep elf annihilators (Elf:3)
  A bunyip (Swamp:1)
  3 entropy weavers
  2 fire dragons (Depths:1)
  4 deep elf death magi
  Josephine (D:13)
  A shambling mangrove (Swamp:1)
  2 ice dragons (Depths:1)
  Harold (Orc:1)
  A rakshasa (Depths:1)
  Erolcha (D:10)
  5 hydras
  A boulder beetle (D:15)
  4 centaur warriors
  5 catoblepae
  5 two-headed ogres
  6 dancing weapons
  A deep troll shaman (Depths:1)
  9 death yaks (Lair:5)
  5 alligators (Swamp:1)
  A deep troll earth mage (Depths:1)
  7 orc high priests
  2 spriggan berserkers (Depths:1)
  2 tengu warriors (D:14)
  Sonja (Lair:3)
  Amaemon (D:8)
  A skeletal warrior (D:14)
  9 deep elf knights
  2 sun moths
  3 pharaoh ants
  A goliath frog (Swamp:1)
  An iron troll (Depths:1)
  3 spriggan druids (Swamp:1)
  2 deep trolls (Depths:1)
  13 orb spiders
  2 wizards
  A lindwurm (Lair:2)
  3 bog bodies
  5 steelbarb worms
  3 orc knights (Orc:2)
  A swamp dragon (Swamp:1)
  2 necromancers
  15 deep elf zephyrmancers
  8 deep elf archers
  17 deep elf pyromancers
  9 orc sorcerers
  11 wolf spiders
  6 cyclopes
  A will-o-the-wisp (Swamp:1)
  An oklob plant (Lair:5)
  12 elephants
  6 ugly things
  3 manticores
  A centaur zombie (D:15)
  Joseph (D:9)
  2 moths of wrath (Spider:4)
  An orange demon (D:8)
  5 torpor snails
  2 black mambas
  7 centaur skeletons
  8 cane toads
  An unseen horror (D:12)
  8 komodo dragons
  An efreet (D:14)
  6 demonic crawlers
  A rime drake (Lair:5)
  2 gargoyles
  A komodo dragon (shapeshifter) (D:14)
  A tengu conjurer (D:14)
  4 yaktaurs
  A red devil (Depths:1)
  9 meliai
  5 trolls
  A wolf spider simulacrum (D:15)
  7 polar bears
  5 slime creatures (D:14)
  24 tarantellas
  10 hornets
  18 blink frogs
  2 tyrant leeches (Lair:2)
  6 dream sheep
  Prince Ribbit (D:9)
  2 shadows
  5 spriggans
  A culicivora (shapeshifter) (D:13)
  12 culicivoras
  A centaur simulacrum (D:15)
  2 water elementals (Elf:3)
  7 wraiths
  48 yaks
  18 jumping spiders
  A large abomination (Elf:1)
  4 wyverns
  3 basilisks
  3 fire elementals
  14 vampire mosquitoes
  A chaos spawn (Depths:1)
  37 redbacks
  2 steam dragons
  3 swamp worms
  A harpy simulacrum (IceCv)
  5 wargs
  5 acid dragons
  9 water moccasins
  49 orc warriors
  Pargi (Sewer)
  A sky beast (D:8)
  A black bear (D:8)
  7 centaurs
  10 ogres
  25 wolves
  3 phantoms
  2 kobold brigands
  An elf zombie (Elf:1)
  13 bullfrogs
  A necrophage (D:5)
  An earth elemental (Elf:3)
  2 gnoll sergeants
  6 wights (D:7)
  5 killer bees (D:8)
  10 howler monkeys
  6 electric eels
  2 hounds
  2 jellies
  29 orc priests
  A gnoll bouda (Orc:2)
  19 orc wizards
  4 iguanas
  Robin (D:2)
  12 gnolls
  12 adders
  An ufetubus (D:7)
  A worm (D:5)
  2 dart slugs (D:4)
  93 orcs
  6 bats
  5 endoplasms
  6 giant cockroaches
  17 goblins
  9 hobgoblins
  2 jackals (D:4)
  5 quokkas
  8 ball pythons
  16 kobolds
  6 rats
  A lurking horror (Lair:3)
981 creatures vanquished.

Vanquished Creatures (collateral kills)
  A deep elf blademaster (Elf:3)
  A deep elf demonologist (Elf:3)
  4 deep elf annihilators
  2 deep elf death magi (Elf:3)
  2 deep elf high priests (Elf:3)
  8 dancing weapons
  An orc high priest (Orc:2)
  2 deep elf knights (Elf:2)
  A sun moth (Spider:4)
  An obsidian statue (Elf:2)
  6 deep elf archers (Elf:3)
  4 deep elf pyromancers
  3 deep elf zephyrmancers
  3 necromancers (Elf:1)
  A hornet (Swamp:1)
  A tarantella (Spider:2)
  An air elemental (Elf:3)
  A culicivora (Spider:4)
  5 spriggans
  A warg (Orc:2)
  4 orc warriors (Orc:2)
  4 wights
  6 orc priests
  2 orc wizards
  A gnoll (D:6)
  21 orcs
87 creatures vanquished.

Vanquished Creatures (others)
  A deep elf zephyrmancer (Elf:3)
  15 dancing weapons
  A howler monkey (D:6)
  An orc priest (Orc:2)
  An orc (Orc:2)
  2 foxfires (Swamp:1)
  18 fungi
  76 plants
115 creatures vanquished.

Grand Total: 1183 creatures vanquished

Notes
Turn   | Place    | Note
-------+----------+-------------------------------------------
     0 | D:1      | Varenkail the Spriggan Enchanter began the quest for the
                  | Orb.
     0 | D:1      | Reached XP level 1. HP: 9/9 MP: 5/5
  1067 | D:1      | Reached XP level 2. HP: 11/13 MP: 7/7
  1078 | D:1      | Learned a level 2 spell: Ensorcelled Hibernation
  1773 | D:2      | Noticed Robin
  2178 | D:2      | Reached XP level 3. HP: 10/16 MP: 6/9
  2270 | D:2      | Killed Robin
  2772 | D:2      | Reached XP level 4. HP: 21/21 MP: 8/11
  2776 | D:2      | Reached skill level 5 in Hexes
  3247 | D:2      | Learned a level 3 spell: Tukima's Dance
  3251 | D:2      | Learned a level 3 spell: Confusing Touch
  3255 | D:2      | Learned a level 3 spell: Dazzling Flash
  3627 | D:3      | Reached XP level 5. HP: 24/24 MP: 13/13
  3727 | D:3      | Reached skill level 5 in Spellcasting
  3754 | D:3      | Found a faded altar of an unknown god.
  4411 | D:4      | Reached skill level 5 in Stealth
  4533 | D:4      | Found a staircase to the Ecumenical Temple.
  4548 | Temple   | Entered the Ecumenical Temple
  4571 | Temple   | Became a worshipper of Dithmenos the Shadowed
  4641 | D:4      | Reached XP level 6. HP: 24/28 MP: 8/15
  4770 | D:4      | Reached skill level 6 in Stealth
  5069 | D:4      | Found an ornate altar of the Wu Jian Council.
  5325 | D:4      | Reached XP level 7. HP: 30/32 MP: 17/17
  5389 | D:5      | Entered Level 5 of the Dungeon
  5540 | D:5      | Reached skill level 7 in Stealth
  5682 | D:5      | Reached * piety under Dithmenos
  5712 | D:5      | Found a glowing drain.
  5734 | Sewer    | Entered a sewer
  5857 | Sewer    | Noticed Pargi
  5872 | Sewer    | Killed Pargi
  5873 | Sewer    | Reached skill level 8 in Stealth
  5951 | Sewer    | Identified the +0 leather armour "Vadghinu" {Fly}
  6539 | D:6      | Found a burning altar of Makhleb.
  6593 | D:6      | Reached XP level 8. HP: 19/36 MP: 10/19
  7058 | D:6      | Found Huegih's Antique Weapon Shoppe.
  7249 | D:6      | Reached skill level 9 in Stealth
  7750 | D:7      | Reached skill level 10 in Stealth
  8159 | D:7      | Reached XP level 9. HP: 39/39 MP: 19/22
  8644 | D:6      | Reached ** piety under Dithmenos
  9087 | D:7      | Reached skill level 1 in Fighting
  9662 | D:8      | Found a flagged portal.
  9667 | D:8      | Reached skill level 11 in Stealth
  9681 | Bailey   | Entered a bailey
  9831 | Bailey   | Noticed a two-headed ogre
  9875 | Bailey   | Killed a two-headed ogre
  9876 | Bailey   | Reached skill level 5 in Dodging
  9876 | Bailey   | Reached skill level 10 in Hexes
  9876 | Bailey   | Reached XP level 10. HP: 40/47 MP: 6/24
  9887 | Bailey   | Identified the +7 war axe of Yeast {freeze, *Slow Dex+3
                  | SInv Stlth-}
 10083 | Bailey   | Reached skill level 10 in Spellcasting
 10161 | D:8      | Reached skill level 12 in Stealth
 10278 | D:8      | Gained mutation: Potions are less effective at restoring
                  | your health. [potion of mutation]
 10278 | D:8      | Gained mutation: You occasionally lose the ability to read
                  | scrolls when taking damage. [potion of mutation]
 10278 | D:8      | Gained mutation: Your mind is acute. (Int +4, Str/Dex -1)
                  | [potion of mutation]
 10279 | D:8      | Lost mutation: You occasionally lose the ability to read
                  | scrolls when taking damage. [potion of mutation]
 10279 | D:8      | Lost mutation: Your mind is acute. (Int +4, Str/Dex -1)
                  | [potion of mutation]
 10279 | D:8      | Gained mutation: You passively dampen the noise of your
                  | surroundings. [potion of mutation]
 10279 | D:8      | Gained mutation: You have a pair of small antennae on your
                  | head. [potion of mutation]
 10279 | D:8      | Gained mutation: Your mind is acute. (Int +4, Str/Dex -1)
                  | [potion of mutation]
 10311 | D:8      | Found a white marble altar of Elyvilon.
 10333 | D:8      | Noticed an orange demon
 10335 | D:8      | Noticed Amaemon
 10341 | D:8      | Killed an orange demon
 10348 | D:8      | Killed Amaemon
 10613 | D:8      | Found a staircase to the Lair.
 10760 | D:8      | Reached skill level 5 in Short Blades
 11467 | D:9      | Noticed Prince Ribbit
 11471 | D:9      | Killed Prince Ribbit
 11572 | D:9      | Reached *** piety under Dithmenos
 11943 | D:9      | Noticed Joseph
 12024 | D:9      | Killed Joseph
 12698 | D:10     | Entered Level 10 of the Dungeon
 12717 | D:10     | Reached XP level 11. HP: 53/53 MP: 26/26
 12784 | D:10     | Found an ancient bone altar of Kikubaaqudgha.
 12794 | D:10     | Noticed a two-headed ogre
 12803 | D:10     | Killed a two-headed ogre
 12804 | D:10     | Reached skill level 13 in Stealth
 12867 | D:10     | Noticed Erolcha
 12875 | D:10     | Killed Erolcha
 13000 | D:10     | Found a staircase to the Orcish Mines.
 14022 | D:11     | Noticed a two-headed ogre
 14049 | D:11     | Killed a two-headed ogre
 14053 | D:11     | Found an iron altar of Okawaru.
 14056 | D:11     | Reached **** piety under Dithmenos
 14164 | D:11     | You fall into a shaft and drop 1 floor!
 14372 | D:12     | Noticed a six-headed hydra
 14378 | D:12     | Killed a six-headed hydra
 14456 | D:12     | Reached skill level 5 in Fighting
 14456 | D:12     | Reached skill level 14 in Stealth
 14460 | D:12     | Identified the +9 long sword "Beqahiut" {speed, rN+ Str-4
                  | Int+4}
 14496 | D:12     | Noticed a deep elf pyromancer
 14508 | D:12     | Killed a deep elf pyromancer
 14569 | D:12     | Noticed a deep elf pyromancer
 14577 | D:12     | Killed a deep elf pyromancer
 14938 | D:12     | Noticed a deep elf pyromancer
 14943 | D:12     | Killed a deep elf pyromancer
 15016 | D:12     | Reached XP level 12. HP: 60/60 MP: 23/28
 15420 | D:13     | Noticed a centaur warrior
 15427 | D:13     | Killed a centaur warrior
 15496 | D:13     | Lost mutation: You have a pair of small antennae on your
                  | head. [potion of mutation]
 15496 | D:13     | Lost mutation: Your mind is acute. (Int +4, Str/Dex -1)
                  | [potion of mutation]
 15496 | D:13     | Lost mutation: You passively dampen the noise of your
                  | surroundings. [potion of mutation]
 15496 | D:13     | Gained mutation: Your body sometimes deteriorates upon
                  | taking damage. [potion of mutation]
 15496 | D:13     | Gained mutation: Your flesh is heat resistant. (rF+)
                  | [potion of mutation]
 15620 | D:13     | Lost mutation: Your flesh is heat resistant. (rF+) [potion
                  | of mutation]
 15620 | D:13     | Lost mutation: Your body sometimes deteriorates upon taking
                  | damage. [potion of mutation]
 15620 | D:13     | Gained mutation: Your spells are a little easier to cast,
                  | but a little less powerful. [potion of mutation]
 15620 | D:13     | Gained mutation: Your natural rate of healing is unusually
                  | fast. [potion of mutation]
 15710 | D:13     | Noticed a catoblepas
 15766 | D:13     | Killed a catoblepas
 15956 | D:13     | Noticed Josephine
 15972 | D:13     | Killed Josephine
 15976 | D:13     | Reached skill level 15 in Stealth
 16031 | D:13     | Lost mutation: Potions are less effective at restoring your
                  | health. [potion of mutation]
 16031 | D:13     | Lost mutation: Your spells are a little easier to cast, but
                  | a little less powerful. [potion of mutation]
 16031 | D:13     | Gained mutation: You are robust. (+10% HP) [potion of
                  | mutation]
 16031 | D:13     | Gained mutation: You heal very quickly. [potion of
                  | mutation]
 16151 | D:13     | Noticed a centaur warrior
 16154 | D:13     | Killed a centaur warrior
 16199 | D:13     | Reached skill level 10 in Dodging
 16528 | D:14     | Noticed a tengu warrior
 16537 | D:14     | Noticed a tengu warrior
 16551 | D:14     | Killed a tengu warrior
 16555 | D:14     | Killed a tengu warrior
 16927 | D:14     | Reached ***** piety under Dithmenos
 16935 | D:14     | Reached XP level 13. HP: 71/71 MP: 13/30
 17169 | D:14     | Found a gate to the Vaults.
 17178 | D:14     | Reached skill level 16 in Stealth
 17634 | Lair:1   | Entered Level 1 of the Lair of Beasts
 18816 | Lair:2   | Found a staircase to the Swamp.
 19598 | Lair:2   | Reached ****** piety under Dithmenos
 19806 | Lair:3   | Found a one-way gate to the infinite horrors of the Abyss.
 19809 | Lair:3   | Found a corrupted altar of Lugonu.
 19837 | Lair:3   | Noticed Sonja
 19840 | Lair:3   | Killed Sonja
 19841 | Lair:3   | Reached skill level 10 in Short Blades
 20179 | Lair:3   | Found a hole to the Spider Nest.
 20537 | Lair:4   | Found a sparkling altar of Nemelex Xobeh.
 20537 | Lair:4   | Found a frozen archway.
 20547 | IceCv    | Entered an ice cave
 20550 | IceCv    | Found a transporter.
 20675 | Lair:4   | Reached XP level 14. HP: 79/79 MP: 32/32
 20879 | Lair:4   | Reached skill level 17 in Stealth
 21913 | Lair:5   | Entered Level 5 of the Lair of Beasts
 22458 | Lair:5   | Found a viscous altar of Jiyva.
 22458 | Lair:5   | Found a staircase to the Slime Pits.
 23524 | Lair:5   | Reached skill level 18 in Stealth
 24129 | Orc:1    | Entered Level 1 of the Orcish Mines
 24129 | Orc:1    | Noticed an orc warlord
 24174 | D:10     | Killed an orc warlord
 24377 | Orc:1    | Reached XP level 15. HP: 85/85 MP: 34/34
 24497 | Orc:1    | Noticed Harold
 24520 | Orc:1    | Killed Harold
 24762 | Orc:2    | Entered Level 2 of the Orcish Mines
 25206 | Orc:2    | Reached skill level 15 in Hexes
 25897 | Orc:2    | Found Liukk's Armour Boutique.
 25916 | Orc:2    | Found Tabei's Armour Shop.
 26294 | Orc:2    | Found Fuocrol's Magic Scroll Emporium.
 26305 | Orc:2    | Reached skill level 15 in Spellcasting
 26886 | Orc:2    | Found a staircase to the Elven Halls.
 27096 | Orc:2    | Found Meawoale's Jewellery Boutique.
 27125 | Orc:2    | Noticed Saint Roka
 27286 | Orc:2    | Killed Saint Roka
 27695 | Orc:2    | Bought a +1 cloak of preservation for 198 gold pieces
 27695 | Orc:2    | Bought a +2 hat of willpower for 252 gold pieces
 27778 | Orc:2    | Bought a scroll of vulnerability for 64 gold pieces
 27778 | Orc:2    | Bought a scroll of enchant armour for 120 gold pieces
 27778 | Orc:2    | Bought a scroll of teleportation for 48 gold pieces
 27966 | D:15     | Entered Level 15 of the Dungeon
 28016 | D:15     | Found a staircase to the Depths.
 28458 | D:15     | Found a portal to a secret trove of treasure.
 28501 | D:15     | Noticed Rupert
 28507 | D:15     | Killed Rupert
 28508 | D:15     | Reached skill level 19 in Stealth
 28524 | D:15     | Found a blossoming altar of Fedhas.
 29247 | Spider:1 | Entered Level 1 of the Spider Nest
 29247 | Spider:1 | Noticed an emperor scorpion
 29249 | Spider:1 | Killed an emperor scorpion
 29436 | Spider:1 | Identified the +6 leather armour of the Hart {rC+}
 30333 | Spider:1 | Noticed Frances
 30342 | Spider:1 | Killed Frances
 30365 | Spider:1 | Reached XP level 16. HP: 39/92 MP: 26/36
 31145 | Spider:2 | Reached skill level 15 in Dodging
 31860 | Spider:2 | Reached skill level 20 in Stealth
 32378 | Spider:3 | Reached skill level 10 in Fighting
 32686 | Spider:3 | Noticed Arachne
 32688 | Spider:3 | Killed Arachne
 33237 | Spider:4 | Entered Level 4 of the Spider Nest
 33693 | Swamp:1  | Entered Level 1 of the Swamp
 33734 | Swamp:1  | Noticed Roxanne
 33883 | Swamp:1  | Noticed Louise
 33898 | Swamp:1  | Killed Louise
 34616 | Swamp:2  | Noticed Nikola
 34619 | Swamp:2  | Killed Nikola
 34874 | Depths:1 | Entered Level 1 of the Depths
 34983 | Depths:1 | Reached skill level 21 in Stealth
 35078 | Depths:1 | Found a one-way gate leading to the halls of Pandemonium.
 35326 | Depths:1 | Found a radiant altar of Vehumet.
 35440 | Depths:1 | Found Likog's Jewellery Shop.
 35444 | Depths:1 | Bought the amulet "Cuudiruo" {Acrobat Will++ Regen+ MP+9
                  | Int-2} for 1182 gold pieces
 35533 | Depths:1 | Found Ipeon's Antique Armour Shop.
 35561 | Depths:1 | Found Uwosmuad's Antique Weapon Boutique.
 35561 | Depths:1 | Found Kyerergh's Weapon Shop.
 35563 | Depths:1 | Reached XP level 17. HP: 96/100 MP: 39/39
 35690 | D:15     | Learned a level 2 spell: Blink
 35894 | Elf:1    | Entered Level 1 of the Elven Halls
 36239 | Orc:2    | Learned a level 5 spell: Summon Mana Viper
 36614 | Elf:1    | Got the Handbook of Gloom
 37225 | Elf:2    | Found a gateway to a bazaar.
 37314 | Bazaar   | Entered a bazaar
 37341 | Bazaar   | Found Riet Gopn's General Store.
 37341 | Bazaar   | Found Unatieve's Jewellery Emporium.
 37363 | Bazaar   | Found Bosah's General Store.
 37379 | Bazaar   | Found Howot's Antique Weapon Shoppe.
 37379 | Bazaar   | Found Iclu's Weapon Emporium.
 37461 | Elf:2    | Reached skill level 22 in Stealth
 38143 | Elf:2    | HP: 1/100 [+3 war axe of flaming (5)]
 38389 | Elf:2    | Found a runed translucent gate.
 38390 | Elf:2    | Found a runed translucent gate.
 38390 | Elf:2    | Found a runed translucent gate.
 38441 | Elf:3    | Entered Level 3 of the Elven Halls
 39330 | Elf:3    | Noticed a deep elf master archer
 39454 | Elf:3    | Killed a deep elf master archer
 39507 | Elf:3    | Noticed a deep elf blademaster
 39545 | Elf:3    | Noticed a deep elf blademaster
 39558 | Elf:3    | Killed a deep elf blademaster
 39594 | Elf:3    | Killed a deep elf blademaster
 39760 | Elf:3    | Noticed a deep elf blademaster
 39779 | Elf:3    | Killed a deep elf blademaster
 40226 | Elf:3    | Noticed a deep elf blademaster
 40254 | Elf:3    | Killed a deep elf blademaster
 40255 | Elf:3    | Reached XP level 18. HP: 91/106 MP: 39/41
 40735 | Elf:3    | Identified the +3 glaive of Shame {freeze, Int+4}
 40736 | Elf:3    | Identified the +10 mace of Courage {vorpal, rPois Str+4
                  | Int-4 Dex+9}
 40926 | Elf:3    | Noticed a Tzitzimitl
 40927 | Elf:3    | Reached skill level 23 in Stealth
 41044 | Elf:3    | Identified the +2 halberd of Perfectionism {freeze, rPois
                  | Int+4 Dex-5}
 41269 | Elf:3    | Identified the ring of Tuafoos {rF+ Dex+4}
 41416 | Elf:3    | Got Qooloc's Treatise on Misery and the Sky
 41448 | Elf:3    | Identified the +7 whip "Pomin" {antimagic, rCorr Str+4}
 41461 | Elf:3    | Identified the +1 pair of gloves of Dice, Bag, and Bottle
                  | {Dex+2}
 41494 | Elf:3    | Identified the -1 helmet of Veaket {Int+8}
 41503 | Elf:3    | Learned a level 4 spell: Dispel Undead
 42683 | Spider:4 | Reached skill level 1 in Necromancy
 42969 | Spider:4 | Identified the +11 short sword of Infinity {venom, rN+}
 43032 | Spider:4 | Slain by a broodmother

Illustrated notes

Levels and vault maps discovered:
D:1:      dpeg_arrival_castle, layout_loops_corners, serial_forest,
          infiniplex_forest_lined_2, infiniplex_forest_straight_2,
          infiniplex_forest_clump_tiny, infiniplex_forest_straight_2,
          infiniplex_forest_lined_1, infiniplex_forest_lined_2,
          minmay_pentomino_r4
D:2:      layout_basic, chequers_mini_garden, uniq_robin
D:3:      layout_loops_ring, ebering_ecumenical_altar_abandoned
D:4:      layout_basic, marbit_many_paths, minmay_temple_entry_glass,
          minmay_misc_feat_alley
D:5:      layout_basic, gup_sewer_entry_bubbles
D:6:      layout_cave_pools, overflow_temple_1_default, serial_shops,
          nicolae_stop_n_shop_1
D:7:      layout_loops_ring, serial_bayou, serial_bayou_lagoon_a,
          serial_bayou_pond_b, serial_bayou_shore_a, serial_bayou_pond_d
D:8:      layout_layer_cave, mainiacjoe_overflow_paths, lair_entry_dummy,
          enter_bailey_2, uniq_amaemon
D:9:      layout_loops_corners, nrook_uturn, minivault_22, dk_noncrumbling_4,
          uniq_joseph, uniq_prince_ribbit1
D:10:     layout_loops_ring, mainiacjoe_overflow_chevrons, uniq_erolcha
D:11:     layout_basic, special_room [special_room_bee],
          okawaru_ov_weapons_minmay
D:12:     layout_loops_cross, minmay_misc_feat_four_crosses
D:13:     layout_roguey, kennysheep_generic_room_16, uniq_josephine
D:14:     layout_roguey, hangedman_vaults_entry_quadrant_bands, special_room
          [special_room_orc]
D:15:     grunt_enter_depths_magical_seal, layout_loops_cross, fedhas_altar_1,
          nicolae_trove_entry_columns, uniq_rupert
Temple:   compressed_dpeg_circular_temple
Lair:1:   layout_small_grid, serial_bayou_pond_e, lemuel_fruit_fields
Lair:2:   layout_regular_city, minmay_swamp_entry_worms,
          grunt_forest_large_clearings, grunt_megastairs_3
Lair:3:   layout_gridlike, nicolae_spider_entry_orb_guardian,
          amcnicky_altar_lugonu_corruption, uniq_sonja
Lair:4:   layout_cave_pods, portal_ice_cave_entry_pillars_1, basic_altar,
          beast_lair_carwin_2
Lair:5:   evilmike_catoblepas_cave, layout_misc_corridors, slime_entry_1
Swamp:1:  layout_falls_marsh, evilmike_swamp_ruin_house_2,
          infiniplex_staircase_pool_2, uniq_roxanne, uniq_louise
Swamp:2:  layout_falls_marsh, hangedman_swamp_ruin_hall, swamp_pool3,
          cheibrodos_swamp_witchery, uniq_nikola
Spider:1: layout_spider_delve, uniq_frances
Spider:2: layout_cave_pods, hangedman_spider_trapstep,
          hangedman_spider_tarantella_strand, nicolae_spider_cling_halls
Spider:3: layout_spider_delve, spiders_nest_the_unseen, uniq_arachne
Spider:4: hellmonk_spider_rune_endless_swarm, nicolae_spider_webs_and_nodes,
          nicolae_spider_bzzzt, uniq_aizul
Orc:1:    layout_caves, uniq_harold
Orc:2:    pubby_orc_utopia
Elf:1:    nicolae_elf_arrival_no_cutting_in_line, layout_loops_cross,
          serial_aquarium, aquarium_bridge_long_joined [aquarium_subvault_wall,
          aquarium_subvault_balcony, aquarium_subvault_bridge,
          aquarium_subvault_balcony, aquarium_subvault_wall,
          aquarium_subvault_wall], aquarium_window_fake, aquarium_window_fake,
          aquarium_window_1, aquarium_window_2, aquarium_view_2d,
          aquarium_pool_2, minmay_elf_necromancy
Elf:2:    nicolae_elf_blades_splatter_lattice [nicolae_blade_tridents],
          layout_loops_cross, serial_shops, statue_bzr
Elf:3:    minmay_elf_hall_circle, layout_geoelf_grid,
          nicolae_elf_big_sculpture_2, st_stairs_1
Depths:1: layout_gridlike, rand_demon_pan_entry_1, serial_shops,
          nicolae_shop_trees, fiery_altar_vehumet, hell_entry,
          amcnicky_mini_pool_small, hangedman_devilish_allure, minmay_shop_star

Skill      XL: |  1  2  3  4  5  6  7  8  9 10 11 12 13 14 15 16 17 18 |
---------------+-------------------------------------------------------+-----
Spellcasting   | 3 4 5 6 7 8 9 10 11 12 13 14 15 17 18 | 18.9
Hexes          | 4 5 6 7 9 10 11 12 13 14 15 17 18 19 | 19.1
Stealth        | 5 6 8 10 11 12 14 15 16 18 19 21 22 23 | 23.5
Dodging        | 5 7 9 10 12 13 14 15 | 15.0
Short Blades   | 3 5 7 8 10 11 12 | 12.0
Fighting       | 2 4 5 6 7 8 9 10 11 12 | 12.4
Necromancy     | 2 |  2.2

Action                   |  1- 3 |  4- 6 |  7- 9 | 10-12 | 13-15 | 16-18 || total
-------------------------+-------+-------+-------+-------+-------+-------++-------
Melee: Dagger            |    91 |   161 |   232 |   369 |  2276 |  1307 ||  4436
       Punch             |     1 |     3 |     3 |     3 |    43 |    18 ||    71
 Cast: Ensorcelled Hiber |     9 |    38 |    71 |    84 |   110 |    97 ||   409
       Tukima's Dance    |       |     2 |    25 |    19 |    55 |    33 ||   134
       Confusing Touch   |       |       |    13 |    19 |    30 |    35 ||    97
       Dazzling Flash    |       |       |       |     9 |    41 |    23 ||    73
       Summon Mana Viper |       |       |       |       |       |    93 ||    93
Invok: Shadow Step       |       |       |       |       |     5 |    16 ||    21
Evoke: Wand              |       |       |     5 |    11 |     5 |    18 ||    39
  Use: Scroll            |     3 |     5 |     9 |     9 |    13 |    14 ||    53
       Potion            |       |       |     5 |     8 |     8 |    14 ||    35
 Stab: Sleeping          |    10 |    27 |    41 |   103 |   171 |   148 ||   500
       Distracted        |       |     3 |       |     1 |    10 |    16 ||    30
       Confused          |       |       |    14 |    20 |    28 |    25 ||    87
       Invisible         |       |       |     2 |     5 |    28 |    22 ||    57
       Paralysed         |       |       |       |       |       |     1 ||     1
       Held in net/web   |       |       |       |       |       |     1 ||     1
Armor: Robe              |     6 |    13 |    25 |    29 |   163 |   100 ||   336
Dodge: Dodged            |    59 |   159 |   321 |   304 |  1973 |  1133 ||  3949

Table legend: (Time is in decaauts)
 A = Elapsed time spent in this place.
 B = Non-inter-level travel time spent in this place.
 C = Inter-level travel time spent in this place.
 D = Time resting spent in this place.
 E = Time spent auto-exploring this place.
 F = Levels seen in this place.
 G = Mean time per level.
                   A        B        C        D        E       F      G
               +--------+--------+--------+--------+--------+-----+--------+
         Total |  31099 |  29148 |   1951 |   4046 |  16539 |  37 |  840.5 |
       Dungeon |  14124 |  13248 |    876 |   1343 |   9174 |  15 |  941.6 |
        Temple |     27 |     15 |     12 |      0 |      9 |   1 |   27.0 |
          Lair |   4232 |   3919 |    313 |     53 |   2479 |   5 |  846.4 |
         Swamp |    739 |    689 |     50 |     57 |    333 |   2 |  369.5 |
   Spider Nest |   3451 |   3092 |    359 |    504 |   1574 |   4 |  862.8 |
  Orcish Mines |   2855 |   2641 |    214 |    703 |    928 |   2 | 1427.5 |
   Elven Halls |   4394 |   4270 |    124 |   1248 |   1309 |   3 | 1464.7 |
        Depths |    615 |    615 |      0 |    104 |    315 |   1 |  615.0 |
        Bazaar |     63 |     63 |      0 |      0 |     59 |   1 |   63.0 |
         Sewer |    185 |    185 |      0 |      0 |    150 |   1 |  185.0 |
        Bailey |    401 |    401 |      0 |     33 |    206 |   1 |  401.0 |
      Ice Cave |      9 |      9 |      0 |      0 |      0 |   1 |    9.0 |
               +--------+--------+--------+--------+--------+-----+--------+

Top non-repeatable levels by time:
   Elf:3: 2811 daAuts
   Orc:2: 2438 daAuts
     D:7: 1565 daAuts
     D:2: 1559 daAuts
  Lair:5: 1334 daAuts
Spider:1: 1295 daAuts
     D:1: 1288 daAuts
     D:6: 1124 daAuts
Spider:2: 1102 daAuts
     D:9: 1042 daAuts
     D:8: 924 daAuts
  Lair:4: 921 daAuts
    D:13: 909 daAuts
   Elf:2: 824 daAuts
    D:14: 800 daAuts
